 Dungeon Crawl Stone Soup version 0.29-a0-1047-g7c58e119a4 (webtiles) character file.

Game seed: 8377969277696675806

1409850 freelancePsychic the Slayer (level 26, 193/193 HPs)
             Began as a Gargoyle Necromancer on Aug 16, 2022.
             Was the Champion of Ashenzari.
             Escaped with the Orb
             ... and 3 runes on Aug 17, 2022!
             The game lasted 02:57:13 (95523 turns).

freelancePsychic the Slayer (Gargoyle Necromancer) Turns: 95523, Time: 02:57:13

Health: 193/193    AC: 34    Str: 16    XL:     26   Next: 64%
Magic:  43/43      EV: 25    Int: 35    God:    Ashenzari [******]
Gold:   2917       SH: 23    Dex: 20    Spells: 28/68 levels left

rFire   + + +      SeeInvis +   A - staff of conjuration (curse) {Bglg, Alch}
rCold   + . .      Faith    .   U - +0 tower shield "Ensconced Together" {rF+, Elem, Alch} (curse)
rNeg    + . .      Spirit   .   y - +2 robe of Ashenzari's Mutualism {rC+ rF+, Elem, Range} (curse)
rPois   ∞          Reflect  .   J - +2 helmet of Ashenzari's Gnosis {Int+3, Elem, Alch} (curse)
rElec   +          Harm     .   C - +2 cloak "Chained With Me" {Alch, Elem} (curse)
rCorr   +          Rampage  .   S - +0 pair of gloves of Apeoromancy {Elem, Comp} (curse)
Will    +....      Clarity  +   E - +0 pair of boots of Ashenzari's Visionary {Cun, Self} (curse)
Stlth   ++........              e - amulet "Restrained Augurer" {rF++ Regen+ Str+4 Dex+4 Stlth+, Alch, Elem} (curse)
HPRegen 1.22/turn               i - ring "Gnosis of Ashenzari" {Int+6, Elem, Self} (curse)
MPRegen 0.28/turn               T - ring of Supernal Wisdom {rElec rCorr Dex+6, Cun, Bglg} (curse)

@: flying, studying 4 skills
A: sickness immunity, AC +20, big wings, negative energy resistance 1,
electricity resistance, torment resistance 1, petrification resistance,
iridescent scales 1, clarity, low MP 1, weak 1, MP-powered wands
0: Orb of Zot
}: 3/15 runes: decaying, slimy, gossamer
a: Renounce Religion, Shatter the Chains


You escaped.
You worshipped Ashenzari.
Ashenzari was exalted by your worship.
You visited 11 branches of the dungeon, and saw 54 of its levels.
You visited the Abyss 1 time.
You also visited: Sewer, Bailey, Gauntlet and Desolation.

You collected 6520 gold pieces.
You spent 3603 gold pieces at shops.

Inventory:

Missiles
 c - 26 javelins
 l - 21 silver javelins
Armour
 y - the cursed +2 robe of Ashenzari's Mutualism (worn) {rC+ rF+, Elem, Range}
   (You took it off a wight on level 8 of the Dungeon)

   It has a curse which improves the following skills: Elements: Fire Magic, Ice
   Magic, Air Magic and Earth Magic.
   Ranged Combat: Ranged Weapons and Throwing.
 C - the cursed +2 cloak "Chained With Me" (worn) {Alch, Elem}
   (You took it off Crazy Yiuf on level 5 of the Dungeon)

   It has a curse which improves the following skills: Alchemy: Poison Magic and
   Transmutations.
   Elements:  Fire Magic, Ice Magic, Air Magic and Earth Magic.
 E - the cursed +0 pair of boots of Ashenzari's Visionary (worn) {Cun, Self}
   (You found it on level 6 of the Dungeon)

   It has a curse which improves the following skills: Cunning: Dodging and
   Stealth.
   Introspection: Fighting and Spellcasting.
 J - the cursed +2 helmet of Ashenzari's Gnosis (worn) {Int+3, Elem, Alch}
   (You bought it in a shop on level 2 of the Orcish Mines)

   It has a curse which improves the following skills: Elements: Fire Magic, Ice
   Magic, Air Magic and Earth Magic.
   Alchemy:   Poison Magic and Transmutations.
 S - the cursed +0 pair of gloves of Apeoromancy (worn) {Elem, Comp}
   (You found it on level 13 of the Dungeon)

   It has a curse which improves the following skills: Elements: Fire Magic, Ice
   Magic, Air Magic and Earth Magic.
   Companions: Summonings and Necromancy.
 U - the cursed +0 tower shield "Ensconced Together" (worn) {rF+, Elem, Alch}
   (You took it off Louise on level 3 of the Spider Nest)

   It has a curse which improves the following skills: Elements: Fire Magic, Ice
   Magic, Air Magic and Earth Magic.
   Alchemy:   Poison Magic and Transmutations.
Magical Staves
 A - a cursed staff of conjuration (weapon) {Bglg, Alch}
Jewellery
 a - the ring "Ivvorr" {rF++ rC- rCorr Str+6 Stlth+}
   (You took it off a minotaur in a Gauntlet)

   [ring of strength]

   Str:       It affects your strength (+6).
   rF:        It greatly protects you from fire.
   rC:        It makes you vulnerable to cold.
   rCorr:     It protects you from acid and corrosion.
   Stlth:     It makes you more stealthy.
 e - the cursed amulet "Restrained Augurer" (around neck) {rF++ Regen+ Str+4 Dex+4 Stlth+, Alch, Elem}
   (You found it on level 5 of the Pits of Slime)

   [amulet of regeneration]

   Str:       It affects your strength (+4).
   Dex:       It affects your dexterity (+4).
   rF:        It greatly protects you from fire.
   Regen:     It increases your rate of health regeneration.
   Stlth:     It makes you more stealthy.
   It has a curse which improves the following skills: Alchemy: Poison Magic and
   Transmutations.
   Elements:  Fire Magic, Ice Magic, Air Magic and Earth Magic.
 i - the cursed ring "Gnosis of Ashenzari" (left hand) {Int+6, Elem, Self}
   (You found it on level 1 of the Dungeon)

   [ring of intelligence]

   Int:       It affects your intelligence (+6).
   It has a curse which improves the following skills: Elements: Fire Magic, Ice
   Magic, Air Magic and Earth Magic.
   Introspection: Fighting and Spellcasting.
 t - an amulet of guardian spirit
 K - a ring of resist corrosion
 P - the ring "Lalirivvi" {rElec rN+}
   (You found it on level 3 of the Crypt)

   [ring of positive energy]

   rElec:     It insulates you from electricity.
   rN:        It protects you from negative energy.
 T - the cursed ring of Supernal Wisdom (right hand) {rElec rCorr Dex+6, Cun, Bglg}
   (You found it in a Gauntlet)

   [ring of dexterity]

   Dex:       It affects your dexterity (+6).
   rElec:     It insulates you from electricity.
   rCorr:     It protects you from acid and corrosion.
   It has a curse which improves the following skills: Cunning: Dodging and
   Stealth.
   Beguiling: Conjurations, Hexes and Translocations.
 V - a ring of protection from cold
Wands
 o - a wand of polymorph (39)
 D - a wand of charming (34)
 I - a wand of digging (3)
 L - a wand of roots (30)
 O - a wand of flame (103)
 X - a wand of quicksilver (16)
Scrolls
 f - 5 scrolls of fear
 q - 3 scrolls of enchant armour
 r - 11 scrolls of fog
 s - a scroll of immolation
 v - 5 scrolls of magic mapping
 x - 5 scrolls of teleportation {@r4}
 B - 11 scrolls of enchant weapon
 H - 5 scrolls of amnesia
 W - 5 scrolls of poison
Potions
 h - 8 potions of might
 j - 28 potions of curing {@q1}
 m - 6 potions of attraction
 n - 6 potions of mutation
 p - 9 potions of flight
 u - 10 potions of degeneration
 w - 16 potions of heal wounds {@q2}
 z - 12 potions of lignification
 F - 2 potions of brilliance
 G - 3 potions of resistance
 N - 7 potions of ambrosia
 R - 4 potions of berserk rage
 Y - 4 potions of cancellation
 Z - 2 potions of invisibility
Miscellaneous
 d - a condenser vane
 Q - a phial of floods


   Skills:
 - Level 23.5(27) Fighting
 - Level 2.7 Short Blades
 - Level 12.0 Staves
 + Level 15.9(19.7) Dodging
 - Level 7.8(11.8) Stealth
 - Level 19.9 Shields
 - Level 18.1(21.8) Spellcasting
 + Level 20.2(23.8) Conjurations
 - Level 5.9(8.5) Necromancy
 - Level 1.7(6.2) Transmutations
 - Level 20.1(27) Earth Magic
 - Level 5.0 Evocations


You had 28 spell levels left.
You knew the following spells:

 Your Spells              Type           Power      Damage    Failure   Level
a - Borgnjor's Vile Clut  Necr/Erth      52%        N/A       1%          5
b - Lee's Rapid Deconstr  Erth           61%        3d29*     0%          5
c - Lehudib's Crystal Sp  Conj/Erth      72%        10d16     1%          8
d - Orb of Destruction    Conj           70%        9d16      1%          7
e - Vampiric Draining     Necr           78%        2d11      1%          3
f - Stone Arrow           Conj/Erth      100%       3d13      0%          3
h - Irradiate             Conj/Tmut      60%        3d31      1%          5
i - Dispel Undead         Necr           78%        3d26      1%          4

Your spell library contained the following spells:

 Spells                   Type           Power      Damage    Failure   Level
 Passwall                 Tmut/Erth      84%        N/A       0%          2
 Static Discharge         Conj/Air       100%       3-16/arc  0%          2
 Iskenderun's Battlesphe  Conj           100%       2d15      0%          5
 Necrotise                Necr           100%       1d9       1%          1
 Sting                    Tmut/Pois      100%       1d8       1%          1
 Summon Small Mammal      Summ           100%       N/A       1%          1
 Call Imp                 Summ           40%        N/A       1%          2
 Ensorcelled Hibernation  Hex/Ice        88%        N/A       1%          2
 Wereblood                Tmut           69%        N/A       1%          2
 Dazzling Flash           Conj/Hex       100%       N/A       1%          3
 Mephitic Cloud           Conj/Pois/Air  99%        N/A       1%          3
 Spider Form              Tmut/Pois      59%        N/A       1%          3
 Animate Armour           Summ/Erth      100%       N/A       1%          4
 Animate Dead             Necr           78%        N/A       1%          4
 Flame Wave               Conj/Fire      100%       2d21      1%          4
 Fulminant Prism          Conj/Hex       55%        3d25      1%          4
 Iskenderun's Mystic Bla  Conj/Tloc      100%       2d19      1%          4
 Petrify                  Tmut/Erth      100%       N/A       1%          4
 Sticky Flame             Conj/Fire      100%       2d11      1%          4
 Agony                    Necr           78%        N/A       1%          5
 Fireball                 Conj/Fire      56%        3d22      1%          5
 Freezing Cloud           Conj/Ice/Air   49%        6-21      1%          5
 Conjure Ball Lightning   Conj/Air       56%        3x3d20    1%          6
 Swiftness                Air            47%        N/A       2%          3
 Anguish                  Hex/Necr       31%        N/A       2%          4
 Confusing Touch          Hex            42%        N/A       3%          3
 Gell's Gravitas          Tloc           42%        N/A       3%          3
 Inner Flame              Hex/Fire       44%        N/A       3%          3
 Teleport Other           Tloc           42%        N/A       3%          3
 Corpse Rot               Necr/Pois/Air  59%        N/A       3%          4
 Blade Hands              Tmut           34%        N/A       3%          5
 Call Canine Familiar     Summ           40%        N/A       4%          3
 Summon Guardian Golem    Hex/Summ       41%        N/A       4%          3
 Airstrike                Air            23%        2d(4-20)  9%          4
 Alistair's Intoxication  Tmut/Pois      39%        N/A       10%         5
 Summon Ice Beast         Ice/Summ       43%        N/A       11%         4
 Summon Lightning Spire   Summ/Air       43%        N/A       11%         4
 Yara's Violent Unravell  Hex/Tmut       29%        3d12      11%         5
 Cause Fear               Hex            21%        N/A       12%         4
 Metabolic Englaciation   Hex/Ice        22%        N/A       30%         5
 Summon Mana Viper        Hex/Summ       41%        N/A       36%         5
 Eringya's Noxious Bog    Tmut/Pois      29%        N/A       47%         6
 Dragon Form              Tmut           34%        N/A       71%         7
 Dispersal                Tloc           21%        N/A       88%         6
 Haunt                    Necr/Summ      31%        N/A       91%         7
 Infestation              Necr           39%        N/A       97%         8
 Enfeeble                 Hex            21%        N/A       100%        7
 Malign Gateway           Summ/Tloc      20%        N/A       100%        7
 Monstrous Menagerie      Summ           20%        N/A       100%        7
 Summon Hydra             Summ           20%        N/A       100%        7
 Discord                  Hex            21%        N/A       100%        8
 Disjunction              Tloc           21%        N/A       100%        8
 Summon Horrible Things   Summ           20%        N/A       100%        8
 Chain Lightning          Conj/Air       56%        3d74      100%        9
 Sublimation of Blood     Necr           Unusable   N/A       N/A         2
 Statue Form              Tmut/Erth      Unusable   N/A       N/A         6

Dungeon Overview and Level Annotations

Branches:
Dungeon (15/15)            Temple (0/1) D:6            Lair (5/5) D:8
  Swamp (4/4) Lair:2       Spider (4/4) Lair:3        Slime (5/5) Lair:5
    Orc (2/2) D:11            Elf (3/3) Orc:2        Vaults (4/5) D:14
  Crypt (3/3) Vaults:2       Tomb (0/3) Crypt:3      Depths (4/4) D:15
    Zot (5/5) Depths:4      Sewer (visited)          Bailey (visited)
Desolation (visited)      Gauntlet (visited)

Altars:
Ashenzari
Elyvilon
Hepliaklqana
Kikubaaqudgha
Makhleb
Okawaru
Ru
Sif Muna
Vehumet
Wu Jian
Xom
Yredelemnul
The Shining One

Shops:
Orc:2 ?[:(   Vaults:1 [   Vaults:2 (   Depths:1 =   Depths:2 [*![?

Portals:
Hell: Depths:1 Depths:2 Depths:3 Depths:4
Abyss: Depths:3
Pandemonium: Depths:2
Ziggurat: Depths:4

Annotations:
D:2 Sigmund
D:13 Rupert
Lair:4 exclusions: 2 hogs and sensed monster (detected), Kirke
Swamp:4 1 runed translucent door, JakeJacob's ghost, adept GrBe
Spider:3 Mlioglotl; Roxanne
Elf:1 3 runed translucent doors, Wudo Mye's ghost, journeyman DsAK
Elf:2 3 runed translucent doors
Crypt:3 exclusion: 2 ancient liches
Zot:3 3 runed translucent doors, Aklawnof's ghost, legendary VSBe; Xapeig's ghost, legendary GrAr


Innate Abilities, Weirdness & Mutations

You are immune to sickness and miasma.
Your stone body is resilient. (AC +20)
You are immune to poison.
Your large and strong wings let you fly.
You resist negative energy. (rN+)
You are resistant to electric shocks. (rElec)
You are resistant to unholy torment.
You are immune to petrification.
You are partially covered in iridescent scales. (AC +2)
You possess an exceptional clarity of mind.
Your magical capacity is low. (-10% MP)
You are weak. (Str -2)
You expend magic power (3 MP) to strengthen your wands.


Message History

There is an open door here.
There is a stone staircase leading up here.
You fly upwards.
There is a stone staircase leading down here.
There is a stone staircase leading up here.
You fly upwards.
There is a stone staircase leading down here.
You reach down and open the door.
There is an open door here.
There is a stone staircase leading up here.
You fly upwards.
There is a stone staircase leading down here.
You see here a +0 dagger.
You see here a +0 hand axe.
There is a stone staircase leading up here.
You fly upwards.
Level annotation: Sigmund
There is a stone staircase leading down here.
(D) Dungeon (T) Temple (L) Lair (S) Swamp (N) Spider Nest (M) Slime Pits (O) Orcish Mines (E) Elven Halls (V) Vaults (C) Crypt (W) Tomb (U) Depths (H) Hell (Z) Zot
Where to? (Enter - D:1 @ (x,y), ? - help)
What level of the Dungeon? (default 1, ? - help) Sigmund is nearby!
Sigmund shouts!
Sigmund points at you and mumbles some strange words.
The magic dart hits you but does no damage.
You see here a +0 club.
There is a stone staircase leading up here.
You fly upwards.
There is a stone staircase leading down here.
(D) Dungeon (T) Temple (L) Lair (S) Swamp (N) Spider Nest (M) Slime Pits (O) Orcish Mines (E) Elven Halls (V) Vaults (C) Crypt (W) Tomb (U) Depths (H) Hell (Z) Zot
Where to? (Enter - D:1 @ (x,y), ? - help)
What level of the Dungeon? (default 1, ? - help)
There is a staircase leading out of the dungeon here.
You have escaped!

#.......###...#...#############
........................>.....#
.....###########.###########.##
.....# #..#~~~~♣.♣~~~~# #.#
.....###..#~...♣.♣...~# #.#
.....###..#~.P.....P.~# #.#
########..#~PPP...PPP~# #.# #
#####..#♣.P.....P.♣### #.#
########...~....@....~..####.#
....###...#♣.♣.......♣#......#
....###...#~♣♣♣......~######.#
....###...#~.♣.......~# #.#
..........#~~~~♣~♣~~~~# #.#
..........######.###### #.####
..................# #.....
...............##.###############
...............+.............#


There were no monsters in sight!

Vanquished Creatures
  the Royal Jelly (Slime:5)
  5 dread liches (Zot:5)
  3 orbs of fire (Zot:5)
  3 ancient liches (Zot:5)
  Mara (Spider:4)
  A pandemonium lord (D:14)
  A juggernaut (Depths:2)
  Vv (Crypt:2)
  4 Killer Klowns
  Sojobo (Depths:1)
  Bai Suzhen (Swamp:4)
  2 curse toes
  5 caustic shrikes
  A bone dragon (Crypt:1)
  5 golden dragons
  A profane servitor (Crypt:1)
  Nikola (Vaults:3)
  2 electric golems
  Jorgrun (Orc:2)
  7 tentacled monstrosities
  2 deep elf blademasters
  24 Orb Guardians
  2 liches
  12 acid blobs
  2 quicksilver dragons (Zot:5)
  2 deep elf master archers (Elf:3)
  7 ancient champions
  A death cob (Zot:5)
  5 sphinxes
  Agnes (Spider:1)
  5 tengu reavers
  10 storm dragons
  Donald (Spider:1)
  A shadow dragon (Zot:5)
  5 draconian monks
  7 rockslimes
  11 azure jellies
  A fenstrider witch (Swamp:3)
  3 draconian knights
  3 fire giants (Depths:4)
  2 imperial myrmidons (Desolation)
  4 deep elf sorcerers (Elf:3)
  5 emperor scorpions
  A hydra zombie (Swamp:4)
  5 frost giants
  8 vault wardens
  Louise (Spider:3)
  2 iron dragons (Depths:4)
  A juggernaut zombie (Crypt:3)
  4 ghouls (Crypt:1)
  3 draconian scorchers (Zot:4)
  4 curse skulls
  3 ghost moths
  2 balrugs
  2 caustic shrike zombies
  9 deep elf elementalists (Elf:3)
  An orc warlord (Orc:2)
  4 reapers
  3 draconian shifters
  6 draconian annihilators
  A draconian stormcaller (Zot:5)
  6 ironbound thunderhulks
  16 ironbound preservers
  2 war gargoyles (Vaults:4)
  6 stone giants
  9 quicksilver oozes
  13 very ugly things
  4 eleionomae
  3 white draconians
  6 green draconians
  8 purple draconians
  15 dire elephants
  5 deep elf annihilators (Elf:3)
  11 black draconians
  7 vampire knights
  3 halazid warlocks (Desolation)
  2 entropy weavers
  6 deep elf demonologists (Elf:3)
  5 bunyips
  A lorocyproca (Depths:2)
  11 red draconians
  10 eidola (Crypt:3)
  A minotaur (Gauntlet)
  5 yellow draconians
  Snorg (D:10)
  A crystal guardian (Vaults:3)
  7 spark wasps
  4 jiangshi
  Josephine (Orc:1)
  A mummy priest (Crypt:3)
  11 deep elf death magi
  7 ettins
  8 yaktaur captains
  4 fire dragons
  A blizzard demon (Zot:5)
  4 deep elf high priests
  4 great orbs of eyes
  6 ragged hierophants (Desolation)
  2 shambling mangroves (Swamp:4)
  3 rakshasas
  5 servants of whispers
  A spriggan air mage (Depths:4)
  7 vault guards
  10 ice dragons
  3 spriggan zombies
  A quicksilver dragon skeleton (Vaults:3)
  6 ogre magi
  6 peacekeepers
  19 centaur warriors
  2 jorogumos
  29 hydras
  A juggernaut simulacrum (Crypt:1)
  5 boulder beetles
  7 ironbound frosthearts
  A spriggan skeleton (Crypt:3)
  4 radroaches
  2 death knights
  3 ghost crabs
  A catoblepas (Lair:5)
  15 dancing weapons
  7 vampire magi
  24 two-headed ogres
  4 deep troll earth magi
  7 deep troll shamans
  9 alligators
  2 hell hogs (Depths:3)
  6 tengu warriors
  3 spriggan berserkers (Depths:4)
  2 titan zombies
  3 titan skeletons (Crypt:3)
  11 hell knights
  10 deep elf knights
  5 sun demons
  6 soul eaters
  Amaemon (D:8)
  6 sun moths
  14 skeletal warriors
  Nergalle (Lair:1)
  2 goliath frogs (Swamp:4)
  A sixfirhy (D:10)
  9 iron trolls
  6 pharaoh ants
  A shadow wraith (Crypt:1)
  A storm dragon skeleton (Crypt:2)
  54 deep trolls
  4 flayed ghosts (Crypt:1)
  A bunyip zombie (Crypt:3)
  A spriggan simulacrum (Crypt:1)
  13 orb spiders
  8 steelbarb worms
  2 obsidian statues
  6 glowing orange brains
  A spectral anaconda (Lair:5)
  6 spriggan druids
  10 swamp dragons
  A cherub (Depths:4)
  3 spectral hydras (Swamp:4)
  13 deep elf archers
  A golden dragon skeleton (Crypt:2)
  16 phantasmal warriors
  A bog body (Swamp:3)
  11 lindwurms
  20 deep elf zephyrmancers
  25 necromancers
  A bunyip skeleton (Crypt:2)
  7 wizards
  20 wolf spiders
  3 orc knights
  4 harpies (Vaults:4)
  14 ironbound convokers
  A draconian zombie (Crypt:3)
  30 ugly things
  22 deep elf pyromancers
  3 oklob plants (Lair:5)
  3 shining eyes (Slime:5)
  A frost giant zombie (D:15)
  6 manticores
  7 cyclopes
  3 will-o-the-wisps
  2 human zombies
  2 orc sorcerers
  2 sphinx skeletons
  11 moths of wrath
  A worldbinder (Abyss:3)
  2 stone giant zombies
  A human skeleton (Crypt:2)
  19 elephants
  4 black mambas
  4 guardian serpents (Desolation)
  A stone giant skeleton (Crypt:3)
  3 dire elephant zombies
  4 torpor snails (Spider:4)
  Maurice (D:13)
  5 smoke demons
  2 centaur zombies (Crypt:3)
  2 eyes of devastation (Slime:5)
  Joseph (D:7)
  A water nymph (shapeshifter) (Depths:2)
  13 vault sentinels
  A centaur skeleton (Crypt:3)
  3 dire elephant skeletons
  2 gargoyles (D:13)
  An orange demon (D:8)
  6 cane toads
  An unseen horror (D:11)
  A red draconian zombie (Crypt:2)
  A rime drake (shapeshifter) (Elf:2)
  A yaktaur zombie (Vaults:3)
  21 yaktaurs
  An alligator snapping turtle skeleton (Crypt:2)
  2 rime drakes
  6 demonic crawlers
  5 komodo dragons
  A kobold demonologist (D:9)
  2 efreet
  2 tengu conjurers
  11 freezing wraiths
  A pale draconian skeleton (Crypt:1)
  13 hellwings (Crypt:3)
  11 tyrant leeches
  A queen bee (shapeshifter) (D:11)
  7 meliai
  2 bloated husks
  A guardian mummy (Crypt:3)
  2 harpy zombies (Crypt:3)
  16 hornets
  2 polar bears
  A wolf spider simulacrum (D:14)
  5 trolls
  36 slime creatures
  35 saltlings
  2 harpy skeletons (Crypt:3)
  18 tarantellas
  A spectral elephant (Lair:5)
  2 hydra skeletons (Swamp:4)
  A raiju (Spider:3)
  10 blink frogs
  13 dream sheep
  27 jumping spiders
  5 flying skulls
  A shadow (D:13)
  An ettin skeleton (Crypt:3)
  3 air elementals
  2 wyverns
  5 vampires
  A guardian serpent skeleton (Crypt:2)
  16 culicivoras
  11 wraiths
  5 basilisks
  19 yaks
  19 spriggans
  7 golden eyes
  2 large abominations (Elf:1)
  6 water elementals
  5 fire elementals
  A steam dragon (D:10)
  2 vampire mosquitoes
  5 wargs
  A harpy simulacrum (Crypt:2)
  54 redbacks
  An acid dragon (D:14)
  A two-headed ogre zombie (Crypt:1)
  2 spectral cane toads (Lair:5)
  22 swamp worms
  4 naga zombies
  3 hydra simulacra (Swamp:4)
  12 water moccasins
  Duvessa (D:7)
  A small abomination (D:14)
  A glowing shapeshifter skeleton (D:15)
  8 swamp drakes
  23 orc warriors
  5 swamp dragon zombies (Swamp:4)
  5 ice beasts
  2 elephant zombies (Lair:5)
  7 wolves
  35 ogres
  2 black bears
  22 centaurs
  An elephant skeleton (Lair:5)
  A phantom (D:5)
  5 elf zombies
  Blork the orc (D:4)
  8 kobold brigands
  2 necrophages
  10 bullfrogs
  3 earth elementals
  3 scorpions (D:5)
  A gnoll sergeant (Orc:2)
  A cane toad simulacrum (Lair:5)
  Dowan (D:7)
  7 wyvern skeletons (Crypt:3)
  6 killer bees
  12 wights
  A jelly (D:6)
  A water moccasin skeleton (D:4)
  A raiju zombie (Crypt:1)
  A warg skeleton (Crypt:2)
  2 elephant simulacra (Lair:5)
  3 electric eels (Lair:3)
  A howler monkey (D:6)
  9 orc priests
  9 hounds
  Crazy Yiuf (D:5)
  An iguana (D:6)
  15 orc wizards
  A scorpion zombie (D:4)
  A boggart skeleton (Crypt:1)
  A hound zombie (D:4)
  2 mummies (Crypt:3)
  8 gnolls
  6 adders
  A river rat (D:3)
  An ufetubus (D:6)
  A worm zombie (Crypt:1)
  3 worms
  73 orcs
  6 ball pythons
  7 endoplasms
  2 giant cockroaches
  A gnoll zombie (Crypt:2)
  15 goblins
  7 hobgoblins
  3 quokkas
  A river rat zombie (Crypt:2)
  A ball python zombie (Crypt:2)
  7 bats
  A butterfly zombie (Crypt:1)
  A frilled lizard (D:1)
  A goblin skeleton (Crypt:2)
  48 kobolds
  A quokka skeleton (D:4)
  7 rats
  A spectral hobgoblin (D:15)
2033 creatures vanquished.

Vanquished Creatures (collateral kills)
  2 Orb Guardians (Zot:5)
  A moth of wrath (Zot:5)
  2 orc warriors (Bailey)
  An orc priest (D:5)
  4 orcs (Bailey)
  A quokka (D:3)
11 creatures vanquished.

Vanquished Creatures (others)
  A draconian annihilator (Depths:4)
  An ironbound thunderhulk (Vaults:3)
  A ghost crab (Swamp:1)
  2 alligators (Swamp:1)
  2 goliath frogs (Swamp:1)
  A glowing orange brain (Depths:3)
  An ironbound convoker (Vaults:3)
  A manticore (D:15)
  A yaktaur (Vaults:3)
  2 bloated husks (Swamp:1)
  A jumping spider (Spider:4)
  2 air elementals (Elf:2)
  2 water elementals (Elf:2)
  A spriggan (Swamp:1)
  2 orc warriors (Bailey)
  A wight (D:7)
  9 ball lightnings (Elf:2)
  30 bushes (Depths:3)
  5 foxfires (Swamp:1)
  22 fungi
  82 plants
  5 toadstools (D:1)
  32 withered plants
207 creatures vanquished.

Grand Total: 2251 creatures vanquished

Notes
Turn   | Place    | Note
-------+----------+-------------------------------------------
     0 | D:1      | freelancePsychic the Gargoyle Necromancer began the quest
                  | for the Orb.
     0 | D:1      | Reached XP level 1. HP: 10/10 MP: 3/3
   268 | D:1      | Reached skill level 1 in Fighting
   268 | D:1      | Reached XP level 2. HP: 16/16 MP: 5/5
   688 | D:1      | Found a faded altar of an unknown god.
   699 | D:1      | Reached skill level 1 in Short Blades
  1125 | D:2      | Reached XP level 3. HP: 20/20 MP: 3/6
  1314 | D:2      | Reached XP level 4. HP: 22/26 MP: 2/8
  1413 | D:2      | Noticed Sigmund
  1495 | D:3      | Reached skill level 2 in Fighting
  1618 | D:3      | Found a glowing drain.
  1622 | Sewer    | Entered a sewer
  1833 | Sewer    | Noticed a kobold brigand
  2001 | D:3      | Found an ornate altar of the Wu Jian Council.
  2544 | D:2      | Reached XP level 5. HP: 28/31 MP: 7/9
  3308 | D:3      | Found a basalt altar of Yredelemnul.
  3705 | D:4      | Noticed Blork the orc
  3712 | D:4      | Killed Blork the orc
  3713 | D:4      | Reached skill level 1 in Conjurations
  3713 | D:4      | Reached skill level 1 in Earth Magic
  3882 | D:4      | Found a shimmering altar of Xom.
  3886 | D:4      | Reached XP level 6. HP: 36/36 MP: 6/10
  3985 | D:4      | Reached skill level 3 in Fighting
  4150 | D:4      | Learned a level 3 spell: Stone Arrow
  4154 | D:4      | Learned a level 3 spell: Vampiric Draining
  4451 | D:4      | Found a burning altar of Makhleb.
  4712 | D:4      | Reached XP level 7. HP: 41/41 MP: 3/11
  5020 | D:5      | Entered Level 5 of the Dungeon
  5279 | D:5      | Reached skill level 4 in Fighting
  5485 | D:5      | Reached skill level 5 in Earth Magic
  5605 | D:5      | Reached XP level 8. HP: 48/48 MP: 5/12
  5708 | D:5      | Reached skill level 5 in Conjurations
  6036 | D:5      | Found a runed translucent door.
  6037 | D:5      | Noticed Crazy Yiuf
  6357 | D:5      | Reached skill level 5 in Fighting
  6824 | D:5      | Killed Crazy Yiuf
  6906 | D:6      | Found a hazy altar of Hepliaklqana.
  6907 | D:6      | Found a broken altar of Ashenzari.
  6907 | D:6      | Found a glowing golden altar of the Shining One.
  6916 | D:6      | Became a worshipper of Ashenzari the Shackled
  7293 | D:6      | Reached XP level 9. HP: 55/55 MP: 5/15
  7423 | D:6      | Found a staircase to the Ecumenical Temple.
  7666 | D:6      | Reached skill level 6 in Fighting
  8214 | D:7      | Reached skill level 5 in Spellcasting
  8235 | D:7      | Found a flagged portal.
  8283 | Bailey   | Entered a bailey
  8990 | Bailey   | Reached skill level 7 in Fighting
  9251 | Bailey   | Reached XP level 10. HP: 63/63 MP: 11/18
  9294 | Bailey   | Identified the +3 triple sword of the Telling King {flame,
                  | rPois rF+ Str-4 Int+2}
 10436 | D:7      | Noticed Joseph
 10667 | D:7      | Killed Joseph
 10668 | D:7      | Reached skill level 8 in Fighting
 10733 | D:7      | Noticed Duvessa
 10733 | D:7      | Noticed Dowan
 10749 | D:7      | Killed Duvessa
 10755 | D:7      | Killed Dowan
 11002 | D:7      | Reached * piety under Ashenzari
 11407 | D:8      | Noticed Amaemon
 11410 | D:8      | Noticed an orange demon
 11519 | D:8      | Killed an orange demon
 11968 | D:8      | Killed Amaemon
 11975 | D:8      | Reached skill level 5 in Stealth
 12148 | D:8      | Found a staircase to the Lair.
 12444 | D:8      | Reached skill level 9 in Fighting
 12456 | D:8      | Reached XP level 11. HP: 62/71 MP: 4/22
 12600 | D:8      | Found a sacrificial altar of Ru.
 12830 | D:8      | Found a shimmering blue altar of Sif Muna.
 13033 | D:9      | Identified the Opusculum on Darkness
 13058 | D:9      | Reached ** piety under Ashenzari
 13139 | D:9      | Learned a level 5 spell: Borgnjor's Vile Clutch
 13947 | D:10     | Entered Level 10 of the Dungeon
 14554 | D:10     | Noticed a cyan ugly thing
 14554 | D:10     | Noticed Snorg
 14575 | D:10     | Killed a cyan ugly thing
 14577 | D:10     | Killed Snorg
 14578 | D:10     | Reached skill level 10 in Fighting
 14996 | D:10     | Identified the +1 robe "Luxkom" {-Cast rC++ rCorr Dex+2}
 15063 | D:11     | Noticed a brown ugly thing
 15075 | D:11     | Killed a brown ugly thing
 15192 | D:11     | Noticed a two-headed ogre
 15205 | D:11     | Killed a two-headed ogre
 15206 | D:11     | Reached skill level 10 in Earth Magic
 15319 | D:11     | Noticed a cyclops
 15326 | D:11     | Killed a cyclops
 15508 | Lair:1   | Entered Level 1 of the Lair of Beasts
 15611 | Lair:1   | Reached *** piety under Ashenzari
 15638 | Lair:1   | Reached skill level 5 in Necromancy
 15674 | Lair:1   | Reached XP level 12. HP: 74/84 MP: 16/26
 15942 | Lair:1   | Reached skill level 11 in Fighting
 16323 | Lair:1   | Noticed Nergalle
 16334 | Lair:1   | Killed Nergalle
 16846 | Lair:2   | Found a staircase to the Swamp.
 17741 | Lair:2   | Reached skill level 12 in Fighting
 17946 | Lair:2   | Reached **** piety under Ashenzari
 18293 | Lair:3   | Noticed a six-headed hydra
 18303 | Lair:3   | Killed a six-headed hydra
 18304 | Lair:3   | Reached skill level 10 in Conjurations
 18532 | Lair:3   | Reached XP level 13. HP: 79/93 MP: 17/27
 19041 | Lair:3   | Found a hole to the Spider Nest.
 19059 | Lair:3   | Learned a level 7 spell: Orb of Destruction
 19070 | Lair:3   | Reached skill level 13 in Fighting
 19611 | Lair:4   | Found a shimmering altar of Xom.
 20720 | Lair:4   | Noticed Kirke
 20764 | Lair:5   | Entered Level 5 of the Lair of Beasts
 20868 | Lair:5   | Reached skill level 14 in Fighting
 21548 | Lair:5   | Found a staircase to the Slime Pits.
 21686 | Lair:5   | Noticed a dire elephant
 21686 | Lair:5   | Noticed a dire elephant
 22210 | Lair:5   | Noticed a dire elephant
 22659 | D:11     | Found a staircase to the Orcish Mines.
 22793 | D:11     | Reached ***** piety under Ashenzari
 23381 | D:12     | Gained mutation: Your large and strong wings let you fly.
                  | [Gargoyle growth]
 23381 | D:12     | Reached XP level 14. HP: 94/102 MP: 9/29
 23766 | D:13     | Identified the ring of Jaagibb {rPois Str+5 Dex+10 SInv}
 23979 | D:13     | Noticed Rupert
 24241 | D:13     | Noticed Maurice
 24248 | D:13     | Killed Maurice
 24249 | D:13     | Reached skill level 5 in Dodging
 24897 | D:14     | Found a gate leading to a gauntlet.
 24903 | Gauntlet | Entered a Gauntlet
 24903 | Gauntlet | Found a transporter.
 24912 | Gauntlet | Found a transporter.
 24929 | Gauntlet | Found a transporter.
 24931 | Gauntlet | Found a transporter.
 24950 | Gauntlet | Found a transporter.
 24963 | Gauntlet | Found a transporter.
 24975 | Gauntlet | Identified the +0 helmet "Najofurph" {Str+2}
 24976 | Gauntlet | Found a transporter.
 25001 | Gauntlet | Found a transporter.
 25001 | Gauntlet | Found a transporter.
 25009 | Gauntlet | Found a transporter.
 25029 | Gauntlet | Identified the ring "Toinat" {rElec rCorr Dex+6}
 25039 | Gauntlet | Found a transporter.
 25039 | Gauntlet | Found a transporter.
 25066 | Gauntlet | Identified the +10 war axe of Ucik {vorpal, rElec Dex+7}
 25434 | Gauntlet | Identified the ring "Ivvorr" {rF++ rC- rCorr Str+6 Stlth+}
 25752 | D:14     | Found a gate to the Vaults.
 26550 | D:14     | Reached skill level 15 in Conjurations
 27017 | D:15     | Entered Level 15 of the Dungeon
 27131 | D:15     | Found a hazy altar of Hepliaklqana.
 27328 | D:15     | Identified the +1 ring mail of Huoj Durgh {Rampage rElec}
 27360 | D:15     | Found a staircase to the Depths.
 27384 | D:15     | Reached XP level 15. HP: 85/107 MP: 21/30
 28365 | D:15     | Reached skill level 1 in Shields
 28489 | D:15     | Learned a level 8 spell: Lehudib's Crystal Spear
 29451 | Spider:1 | Entered Level 1 of the Spider Nest
 29508 | Swamp:1  | Entered Level 1 of the Swamp
 29650 | Orc:1    | Entered Level 1 of the Orcish Mines
 30040 | Orc:1    | Found a burning altar of Makhleb.
 30208 | Orc:2    | Entered Level 2 of the Orcish Mines
 30208 | Orc:2    | Noticed Josephine
 30286 | Orc:1    | Killed Josephine
 30533 | Orc:2    | Noticed an orc warlord
 30545 | Orc:2    | Killed an orc warlord
 31219 | Orc:2    | Reached skill level 15 in Fighting
 31219 | Orc:2    | Reached skill level 5 in Shields
 31297 | Orc:2    | Noticed Jorgrun
 31480 | Orc:2    | Found Kurafoy's Antique Armour Emporium.
 31596 | Orc:2    | Found Zaoxadepro's Antique Weapon Shop.
 31612 | Orc:2    | Killed Jorgrun
 31615 | Orc:2    | Paralysed by an ogre mage for 5 turns
 31955 | Orc:2    | Reached XP level 16. HP: 116/116 MP: 21/31
 32023 | Orc:2    | Found Meecipt's Book Emporium.
 32023 | Orc:2    | Found Yxien's Magic Scroll Boutique.
 32816 | Orc:2    | Found a staircase to the Elven Halls.
 32988 | Orc:2    | Bought a slimy hat for 261 gold pieces
 32988 | Orc:2    | Identified the +0 hat of the Mackerel {Dex+4} (You bought
                  | it in a shop on level 2 of the Orcish Mines)
 32988 | Orc:2    | Bought pitted ice dragon scales for 1885 gold pieces
 32988 | Orc:2    | Identified the +1 ice dragon scales of Rizy {rF- rC++
                  | Str+6} (You bought it in a shop on level 2 of the Orcish
                  | Mines)
 32991 | Orc:2    | Bought a glowing helmet for 217 gold pieces
 32992 | Orc:2    | Bought a scroll of teleportation for 39 gold pieces
 35630 | Swamp:2  | Reached skill level 16 in Fighting
 38157 | Swamp:3  | Noticed a fenstrider witch
 38293 | Swamp:3  | Reached XP level 17. HP: 124/124 MP: 17/32
 38639 | Swamp:3  | Reached skill level 1 in Staves
 39531 | Swamp:4  | Entered Level 4 of the Swamp
 39595 | Swamp:4  | Found a runed translucent door.
 39596 | Swamp:4  | Found a shimmering altar of Xom.
 39596 | Swamp:4  | Noticed JakeJacob's ghost (adept GrBe)
 39612 | Swamp:4  | Noticed Bai Suzhen
 39624 | Swamp:4  | Killed Bai Suzhen
 40907 | Swamp:4  | Reached skill level 5 in Staves
 41988 | Swamp:4  | Reached skill level 10 in Spellcasting
 43112 | Swamp:4  | Found a basalt altar of Yredelemnul.
 43124 | Swamp:4  | Got a decaying rune of Zot
 43526 | Spider:1 | Noticed Donald
 43530 | Spider:1 | Killed Donald
 43654 | Spider:1 | Noticed Agnes
 44054 | Spider:1 | Reached skill level 1 in Evocations
 44194 | Spider:1 | Killed Agnes
 44672 | Spider:1 | Reached ****** piety under Ashenzari
 44986 | Spider:1 | Reached XP level 18. HP: 129/131 MP: 12/36
 45688 | Spider:1 | Learned a level 5 spell: Irradiate
 46331 | Spider:2 | Reached skill level 1 in Transmutations
 47708 | Spider:3 | Noticed Roxanne
 47742 | Spider:3 | Noticed Louise
 47750 | Spider:3 | Killed Louise
 48215 | Spider:3 | Noticed Mlioglotl
 48230 | Spider:4 | Entered Level 4 of the Spider Nest
 48489 | Spider:4 | Reached skill level 5 in Evocations
 48705 | Spider:4 | Noticed Mara
 50567 | Spider:4 | Reached skill level 10 in Staves
 50994 | Spider:4 | Killed Mara
 50995 | Spider:4 | Reached skill level 10 in Shields
 51160 | Spider:4 | Reached XP level 19. HP: 101/136 MP: 20/37
 51504 | Spider:4 | Got a gossamer rune of Zot
 51881 | Elf:1    | Entered Level 1 of the Elven Halls
 52487 | Elf:1    | Found an iron altar of Okawaru.
 52487 | Elf:1    | Noticed Wudo Mye's ghost (journeyman DsAK)
 52499 | Elf:1    | Identified the +8 broad axe of the Big Fish {spect, rElec
                  | rF- Str+6 SInv}
 52559 | Elf:1    | Identified the Codex of Malignant Mysteries
 53040 | Elf:1    | Found a runed translucent gate.
 53041 | Elf:1    | Found a runed translucent gate.
 53042 | Elf:1    | Found a runed translucent gate.
 53297 | Elf:1    | Identified the +2 helmet "Socvoc" {rElec Str+2 Int+5}
 53434 | Elf:2    | Found a shimmering blue altar of Sif Muna.
 53687 | Elf:2    | Found a runed translucent gate.
 53687 | Elf:2    | Found a runed translucent gate.
 53687 | Elf:2    | Found a runed translucent gate.
 54496 | Elf:2    | Identified a scroll of acquirement
 54503 | Elf:2    | Acquired a book of Blasting
 54511 | Elf:2    | Learned a level 5 spell: Lee's Rapid Deconstruction
 54544 | Elf:2    | Found a radiant altar of Vehumet.
 54870 | Elf:3    | Entered Level 3 of the Elven Halls
 55541 | Elf:3    | Reached skill level 15 in Earth Magic
 55635 | Elf:3    | Identified the +4 mace of Departure {drain, Fly}
 55785 | Elf:3    | Paralysed by an air elemental for 1 turns
 55952 | Elf:3    | Identified the amulet "Neastuuq" {Acrobat rElec}
 56259 | Elf:3    | Identified the +1 leather armour of Ovva {rCorr Str+2
                  | Stlth+}
 56575 | Elf:3    | Identified the +8 shortbow of Distant Worlds {vorpal, rF-
                  | Int+6 SInv}
 56591 | Abyss:3  | Cast into level 3 of the Abyss (a deep elf sorcerer)
 56628 | Elf:3    | Escaped the Abyss
 56798 | Elf:3    | Identified the ring "Yzaosepti" {+Blink Will- rCorr Str+2
                  | Dex+5}
 57070 | Elf:3    | Reached XP level 20. HP: 113/142 MP: 13/38
 57320 | Elf:3    | Identified the +4 leather armour "Unetek" {rElec rCorr}
 57513 | Elf:3    | Identified the +6 plate armour of Autumn {Will+ Slay+4}
 58710 | Vaults:1 | Entered Level 1 of the Vaults
 59149 | Vaults:1 | Reached skill level 15 in Shields
 60304 | Vaults:1 | Found Ytworuis's Antique Armour Boutique.
 60309 | Vaults:1 | Bought a pair of spiked boots for 275 gold pieces
 60309 | Vaults:1 | Identified the +2 pair of boots of Kikubaaqudgha's Grace
                  | {Harm +Blink rPois} (You bought it in a shop on level 1 of
                  | the Vaults)
 61230 | Vaults:2 | Found a crumbling gateway.
 61382 | Desolati | Entered the Desolation of Salt
 61490 | Desolati | Identified the +5 ring mail of Fun and Games {Harm rN+
                  | Dex+4}
 61768 | Desolati | Identified the Omnibus of Transformation and Conflict
 62031 | Desolati | Identified the +2 cloak of Mumblety Peg {Rampage rElec rC+}
 62031 | Desolati | Found the +13 scythe of Curses {drain, Drain}
 62032 | Desolati | Identified the Discourse on the Wintry Flock
 62066 | Desolati | Identified the amulet of Yqumuf {Spirit Harm Stlth+}
 62361 | Desolati | Identified the amulet "Susig" {Reflect Str+4 SH+5}
 62489 | Desolati | Found the +3 pair of seven-league boots {Rampage+∞}
 62492 | Desolati | Identified the +5 flail "Goes Qis" {vorpal, rPois}
 62556 | Desolati | Reached XP level 21. HP: 147/147 MP: 26/39
 62780 | Desolati | Identified the +3 plate armour "Helis" {Rampage Drain
                  | Str+8}
 63586 | Vaults:2 | Found Caros's Antique Weapon Boutique.
 63772 | Vaults:2 | Found a staircase to the Crypt.
 63977 | Vaults:2 | Identified the +9 rapier of the Sun {vorpal, *Slow rElec
                  | Str+5}
 65034 | Vaults:3 | Reached skill level 10 in Dodging
 65183 | Vaults:3 | Noticed Nikola
 65443 | Vaults:3 | Reached skill level 17 in Fighting
 65785 | Vaults:3 | Killed Nikola
 66823 | Vaults:3 | Paralysed by a sphinx for 2 turns
 68493 | Vaults:4 | Identified the +0 chain mail of the Wilderness {rN+ Int+3}
 68515 | Vaults:4 | Reached skill level 18 in Fighting
 68515 | Vaults:4 | Reached XP level 22. HP: 140/156 MP: 32/42
 70424 | Depths:1 | Entered Level 1 of the Depths
 70424 | Depths:1 | Found a basalt altar of Yredelemnul.
 71063 | Depths:1 | Found a white marble altar of Elyvilon.
 71289 | Depths:1 | Found Uryl's Jewellery Boutique.
 71392 | Depths:1 | Noticed Sojobo
 71404 | Depths:1 | Killed Sojobo
 71581 | Depths:1 | Found a gateway to Hell.
 72212 | Depths:1 | Reached skill level 19 in Fighting
 72652 | Depths:2 | Found Livun's Antique Armour Emporium.
 72731 | Depths:2 | Found Fehinom's Assorted Antiques.
 72739 | Depths:2 | Bought a scroll of summoning for 408 gold pieces
 72749 | Depths:2 | Found Hifat's Distillery.
 73112 | Depths:2 | Noticed a caustic shrike
 73112 | Depths:2 | Noticed a juggernaut
 73116 | Depths:2 | Killed a caustic shrike
 73165 | Depths:2 | Found the ring of the Tortoise {AC+8}
 73173 | Depths:2 | Found a broken altar of Ashenzari.
 73188 | Depths:2 | Paralysed by a sphinx for 2 turns
 73230 | Depths:2 | Noticed a golden dragon
 73230 | Depths:2 | Noticed a golden dragon
 73239 | Depths:2 | Killed a golden dragon
 73240 | Depths:2 | Killed a golden dragon
 73433 | Depths:2 | Killed a juggernaut
 73813 | Depths:2 | Found Qunnis's Magic Scroll Shoppe.
 73890 | Depths:2 | Found Warchec's Armour Shoppe.
 73970 | Depths:2 | Found a one-way gate leading to the halls of Pandemonium.
 74150 | Depths:2 | Bought a potion of haste for 140 gold pieces
 74150 | Depths:2 | Bought a potion of brilliance for 56 gold pieces
 74150 | Depths:2 | Bought a potion of heal wounds for 70 gold pieces
 74150 | Depths:2 | Bought a potion of brilliance for 56 gold pieces
 74150 | Depths:2 | Bought a potion of cancellation for 112 gold pieces
 74150 | Depths:2 | Bought a potion of curing for 42 gold pieces
 74150 | Depths:2 | Bought a potion of curing for 42 gold pieces
 74533 | Depths:3 | Reached XP level 23. HP: 165/165 MP: 28/45
 75494 | Depths:3 | Reached skill level 20 in Fighting
 75750 | Depths:3 | Identified the +7 plate armour "Kuxorem" {rC+}
 75831 | Depths:3 | Noticed a golden dragon
 75831 | Depths:3 | Noticed a juggernaut
 75961 | Depths:3 | Found a one-way gate to the infinite horrors of the Abyss.
 76013 | Depths:3 | Noticed a juggernaut
 76065 | Depths:4 | Entered Level 4 of the Depths
 76437 | Depths:4 | Noticed a caustic shrike
 76441 | Depths:4 | Noticed a caustic shrike
 76444 | Depths:4 | Noticed a caustic shrike
 76446 | Depths:4 | Noticed a caustic shrike
 76457 | Depths:4 | Killed a caustic shrike
 76461 | Depths:4 | Killed a caustic shrike
 76470 | Depths:3 | Killed a caustic shrike
 76621 | Depths:4 | Killed a caustic shrike
 76866 | Depths:4 | Found a one-way gateway to a ziggurat.
 76881 | Depths:4 | Reached skill level 15 in Spellcasting
 77178 | Depths:4 | Noticed a golden dragon
 77190 | Depths:4 | Killed a golden dragon
 77628 | Depths:4 | Found a gate to the Realm of Zot.
 79071 | Slime:1  | Entered Level 1 of the Pits of Slime
 79241 | Lair:5   | Reached skill level 21 in Fighting
 80026 | Slime:5  | Entered Level 5 of the Pits of Slime
 80028 | Slime:5  | Gained mutation: Your magical capacity is low. (-10% MP) [a
                  | shining eye]
 80029 | Slime:5  | Gained mutation: You occasionally shout uncontrollably at
                  | your foes. [a shining eye]
 80518 | Slime:5  | Noticed the Royal Jelly
 80533 | Slime:5  | Killed the Royal Jelly
 80657 | Slime:5  | Reached XP level 24. HP: 173/176 MP: 29/42
 80709 | Slime:5  | Identified the ring "Bethiysk" {Fire Int+5}
 80719 | Slime:5  | Identified the amulet of Uwney {rF++ Regen+ Str+4 Dex+4
                  | Stlth+}
 80723 | Slime:5  | Identified Sif Muna's Volume of Chilling Summoning
 80760 | Slime:5  | Gained mutation: You occasionally lose the ability to read
                  | scrolls when taking damage. [a shining eye]
 80970 | Slime:5  | Identified the Encyclopedia of Permutations and Flames
 80991 | Slime:5  | Got a slimy rune of Zot
 81013 | Slime:5  | Found the +3 salamander hide armour {Flames rF++ rC--}
 81066 | Slime:5  | Gained mutation: You are weak. (Str -2) [a shining eye]
 81067 | Slime:5  | Gained mutation: You sometimes lose the ability to read
                  | scrolls when taking damage. [a shining eye]
 81236 | Slime:3  | Reached skill level 22 in Fighting
 81452 | D:8      | Lost mutation: You occasionally shout uncontrollably at
                  | your foes. [potion of mutation]
 81452 | D:8      | Lost mutation: You sometimes lose the ability to read
                  | scrolls when taking damage. [potion of mutation]
 81452 | D:8      | Gained mutation: You are partially covered in iridescent
                  | scales. (AC +2) [potion of mutation]
 81452 | D:8      | Gained mutation: You sometimes lose the ability to read
                  | scrolls when taking damage. [potion of mutation]
 81452 | D:8      | Lost mutation: Your magical capacity is low. (-10% MP)
                  | [potion of mutation]
 81453 | D:8      | Lost mutation: You sometimes lose the ability to read
                  | scrolls when taking damage. [potion of mutation]
 81453 | D:8      | Lost mutation: You occasionally lose the ability to read
                  | scrolls when taking damage. [potion of mutation]
 81453 | D:8      | Gained mutation: You possess an exceptional clarity of
                  | mind. [potion of mutation]
 81453 | D:8      | Gained mutation: You expend magic power (3 MP) to
                  | strengthen your wands. [potion of mutation]
 81474 | D:8      | Learned a level 4 spell: Dispel Undead
 81755 | Crypt:1  | Entered Level 1 of the Crypt
 82399 | Crypt:1  | Identified the +6 war axe of Yeast {holy, SInv}
 82857 | Crypt:1  | Identified the +9 rapier of Noqelaje {elec, Will+}
 83275 | Crypt:1  | Reached skill level 23 in Fighting
 83326 | Crypt:1  | Identified the amulet "Hece" {Reflect Will+ rCorr Str+3
                  | SH+5}
 83541 | Crypt:1  | Identified the Handbook of Air
 83546 | Crypt:1  | Found a basalt altar of Yredelemnul.
 84049 | Crypt:2  | Noticed Vv
 84870 | Crypt:3  | Entered Level 3 of the Crypt
 85085 | Crypt:3  | Noticed an ancient lich
 85088 | Crypt:3  | Identified the +6 quarterstaff "Fod Ogh" {vorpal, Contam
                  | rPois Str+9 Int+4}
 85089 | Crypt:3  | Identified the +0 hat of Tartarus {Drain rElec rCorr Str+4}
 85090 | Crypt:3  | Noticed an ancient lich
 85309 | Crypt:3  | Found a staircase to the Tomb.
 86197 | Crypt:3  | Identified the +11 halberd "Jinaeg" {drain, *Slow rC++
                  | Dex+5}
 86370 | Crypt:3  | Found an ancient bone altar of Kikubaaqudgha.
 87422 | Crypt:3  | Identified the ring "Lalirivvi" {rElec rN+}
 87422 | Crypt:3  | Identified the ring "Qekurure" {rElec rN+ rCorr Dex+6}
 87525 | Crypt:2  | Killed Vv
 87526 | Crypt:2  | Reached XP level 25. HP: 178/187 MP: 24/47
 88325 | Zot:1    | Entered Level 1 of the Realm of Zot
 89552 | Zot:3    | Identified the +5 mace of Nuaf {pain, Str+8 Dex-3}
 89561 | Zot:3    | Found a runed translucent gate.
 89561 | Zot:3    | Found a runed translucent gate.
 89561 | Zot:3    | Found a runed translucent gate.
 89562 | Zot:3    | Noticed Aklawnof's ghost (legendary VSBe)
 89563 | Zot:3    | Noticed Xapeig's ghost (legendary GrAr)
 91199 | Zot:5    | Entered Level 5 of the Realm of Zot
 92427 | Zot:5    | Noticed a Killer Klown
 92445 | Zot:5    | Killed a Killer Klown
 92627 | Zot:5    | Noticed a Killer Klown
 92650 | Zot:5    | Identified the cursed +2 cloak "Chained With Me" {Alch,
                  | Elem} (You took it off Crazy Yiuf on level 5 of the
                  | Dungeon)
 92650 | Zot:5    | Identified the cursed +2 helmet of Ashenzari's Gnosis
                  | {Int+3, Elem, Alch} (You bought it in a shop on level 2 of
                  | the Orcish Mines)
 92650 | Zot:5    | Identified the cursed +0 pair of gloves of Apeoromancy
                  | {Elem, Comp} (You found it on level 13 of the Dungeon)
 92650 | Zot:5    | Identified the cursed +0 pair of boots of Ashenzari's
                  | Visionary {Cun, Self} (You found it on level 6 of the
                  | Dungeon)
 92650 | Zot:5    | Identified the cursed +0 tower shield "Ensconced Together"
                  | {rF+, Elem, Alch} (You took it off Louise on level 3 of the
                  | Spider Nest)
 92650 | Zot:5    | Identified the cursed +2 robe of Ashenzari's Mutualism {rC+
                  | rF+, Elem, Range} (You took it off a wight on level 8 of
                  | the Dungeon)
 92650 | Zot:5    | Identified the cursed ring "Gnosis of Ashenzari" {Int+6,
                  | Elem, Self} (You found it on level 1 of the Dungeon)
 92678 | Zot:5    | Killed a Killer Klown
 92896 | Zot:5    | Noticed an orb of fire
 92898 | Zot:5    | Noticed a dread lich
 92900 | Zot:5    | Gained mutation: Your magical capacity is low. (-10% MP)
                  | [an orb of fire]
 92901 | Zot:5    | Noticed an ancient lich
 92901 | Zot:5    | Noticed a dread lich
 92901 | Zot:5    | Noticed a dread lich
 92901 | Zot:5    | Noticed a Killer Klown
 93101 | Zot:5    | Killed a dread lich
 93115 | Zot:5    | Killed a dread lich
 93254 | Zot:5    | Noticed an orb of fire
 93257 | Zot:5    | Reached XP level 26. HP: 193/193 MP: 36/43
 93259 | Zot:5    | Killed an orb of fire
 93259 | Zot:5    | Noticed an orb of fire
 93264 | Zot:5    | Killed an orb of fire
 93270 | Zot:5    | Killed an orb of fire
 93304 | Zot:5    | Noticed a dread lich
 93436 | Zot:5    | Noticed an ancient lich
 93437 | Zot:5    | Noticed a Killer Klown
 93443 | Zot:5    | Killed an ancient lich
 93616 | Zot:5    | Noticed an ancient lich
 93622 | Zot:5    | Reached skill level 15 in Dodging
 93626 | Zot:5    | Killed an ancient lich
 93638 | Zot:4    | Killed a Killer Klown
 93896 | Zot:5    | Noticed a dread lich
 93897 | Zot:5    | Killed an ancient lich
 93899 | Zot:5    | Killed a dread lich
 93937 | Zot:5    | Killed a dread lich
 94094 | Zot:5    | Paralysed by a dread lich for 3 turns
 94099 | Zot:5    | Killed a dread lich
 94242 | Zot:5    | Killed a Killer Klown
 94919 | Zot:5    | Got the Orb of Zot
 95178 | D:14     | Noticed Tanil the pandemonium lord
 95185 | D:14     | Killed Tanil the pandemonium lord
 95312 | D:11     | Noticed Iraliano the pandemonium lord
 95331 | D:10     | Noticed Eclous Ycats the pandemonium lord
 95523 | D:$      | Escaped with the Orb!

Illustrated notes

Levels and vault maps discovered:
D:1:      ldierk_walled_garden, layout_basic, dreamdust_ecumenical_altar_grove,
          serial_glass, glass_columns_a, glass_columns_b, glass_columns_a,
          glass_columns_a, glass_columns_b, glass_columns_c, glass_columns_a,
          glass_columns_a, glass_columns_c, glass_columns_a
D:2:      layout_basic, st_stairs_13, guppyfry_early_lair_pool, uniq_sigmund
D:3:      layout_basic, mainiacjoe_overflow_catwalk,
          mainiacjoe_overflow_tiny_flanked, gup_sewer_entry_spiral,
          nicolae_kite_square_tiling_tiny
D:4:      layout_gridville, xom_teletrap_fun, makhleb_heckhound_becter,
          serial_undead, serial_undead_e, serial_undead_d, serial_undead_e,
          serial_undead_a, uniq_blork_the_orc
D:5:      layout_cave_pods, reono_crystal_passage, uniq_crazy_yiuf_cottage
D:6:      layout_basic, chequers_temple_overflow_statue_of_worship,
          minmay_temple_entry_mist, minmay_misc_feat_four_crosses
D:7:      layout_basic, enter_bailey_3, uniq_duvessa, uniq_joseph
D:8:      layout_basic, hangedman_ru_absence, lemuel_blue_sif_altar,
          lair_entry_dummy, uniq_amaemon
D:9:      layout_basic
D:10:     layout_loops_ring, uniq_snorg
D:11:     layout_rooms, orc_0_dummy
D:12:     layout_irregular_city, serial_park_tiny_pond
D:13:     minmay_the_grid_triangle_9x9_line_8_mashed
          [minmay_the_grid_triangle_9x9_steps,
          minmay_the_grid_triangle_9x9_empty,
          minmay_the_grid_triangle_9x9_limited_checkers,
          minmay_the_grid_triangle_9x9_swiss_cheese,
          minmay_the_grid_triangle_9x9_empty,
          minmay_the_grid_triangle_9x9_descending_squares,
          minmay_the_grid_triangle_9x9_cache,
          minmay_the_grid_triangle_9x9_prize_center], layout_layer_cave,
          uniq_maurice, uniq_rupert
D:14:     layout_roguey, lightli_vaults_fourway_checkpoint,
          gauntlet_entry_generic, hangedman_decor_lopped
D:15:     gammafunk_depths_entry_grave, layout_loops_ring,
          corexii_hall_statues_s, nicolae_hepliaklqana_monster_ancestors
Lair:1:   layout_roguey, uniq_nergalle
Lair:2:   layout_cave_pods, swamp_mist_pool, beast_lair_carwin_5
Lair:3:   layout_chaotic_city, spider_nest_entry_webs, serial_bayou_lagoon_b
Lair:4:   wad_woods_stonehenge, layout_regular_city, uniq_kirke
Lair:5:   due_jungle_book, layout_loops_ring, minmay_slime_entry_oklob_open,
          infiniplex_staircase_pool_2, lemuel_fruit_fields
Swamp:1:  layout_falls_marsh, evilmike_swamp_ruin_rubble_2
Swamp:2:  layout_falls_marsh, serial_swamp_ruin, hangedman_swamp_ruin_wall,
          evilmike_swamp_ruin_house_3, swamp_pool3, nicolae_swamp_spriggan_camp
Swamp:3:  layout_basic_swamp, portal_ice_cave_entry_ugly_swarm,
          evilmike_swamp_ruin_house_6, swamp_pool5
Swamp:4:  byrel_swamp_growth_death_and_undeath, layout_basic_swamp,
          ebering_ghost_xom, swamp_pool1, uniq_bai_suzhen
Spider:1: layout_chambers, dreamdust_wasp_nest, uniq_donald, uniq_agnes
Spider:2: layout_spider_delve
Spider:3: layout_spider_delve, beargit_elvish_explorers, uniq_mlioglotl,
          uniq_roxanne, uniq_louise
Spider:4: grunt_spider_rune_island, spiders_nest_spider_trap, uniq_mara
Slime:1:  cheibrodos_slime_lost_civilization_9, layout_caves
Slime:2:  layout_caves, cheibrodos_slime_lost_civilization_4
Slime:3:  layout_caves, special_room [special_room_jelly], uniq_dissolution
Slime:4:  layout_caves
Slime:5
Orc:1:    layout_diamond_mine, basic_altar
Orc:2:    st_orc_ogre_mass, layout_caves, nicolae_orc_rich_vein, uniq_jorgrun,
          uniq_josephine
Elf:1:    eino_elf_arrival_the_gate, layout_gridlike,
          gammafunk_ghost_fury_of_okawaru, minmay_elf_necromancy,
          grunt_megastairs_2
Elf:2:    elven_hall_of_blades_hangedman_original [grunt_blade_entry_basic],
          layout_loops_ring, serial_aquarium, aquarium_bridge_square
          [aquarium_subvault_bridge, aquarium_subvault_bridge,
          aquarium_subvault_wall, aquarium_subvault_window],
          aquarium_bridge_square [aquarium_subvault_bridge,
          aquarium_subvault_window, aquarium_subvault_bridge,
          aquarium_subvault_wall], aquarium_window_fake, aquarium_window_double,
          aquarium_view_2d, aquarium_view_2c, hangedman_feature_mirror,
          serial_sigils_hangedman_gut
Elf:3:    grunt_elf_hall_spiral, layout_rooms, nicolae_elf_crossing_hall
Vaults:1: hangedman_vaults_corner, hangedman_vaults_pinch,
          ontoclasm_vaults_twist, vaults_dpeg_cross,
          nicolae_vaults_hallways_thing, vaults_mumra_minichess_inversion,
          vaults_room_hallway, vaults_room_grunt_arrival_ludios,
          nicolae_vaults_diagonal_hallway_7, layout_vaults_quadrants,
          serial_shops, shop
Vaults:2: portal_desolation_entry_salt, ontoclasm_vaults_ring_small,
          ontoclasm_vaults_idyll, minmay_crypt_entry_vampire_xt, v_misc_24,
          vaults_room_semicircle, v_misc_24, layout_vaults_chaotic_city,
          serial_shops, nicolae_shop_trees
Vaults:3: vaults_room_grid, v_misc_23, nicolae_vaults_disjoint_gnomons,
          st_squares, hangedman_vaults_trim, grunt_vaults_diagonal,
          nicolae_vaults_network_quinsquares
          [nicolae_vaults_network_quincunx_subvault,
          nicolae_vaults_network_quincunx_subvault,
          nicolae_vaults_network_quincunx_subvault,
          nicolae_vaults_network_quincunx_subvault], v_misc_22,
          vaults_mumra_minichess, serial_ice_m,
          nicolae_vaults_mini_display_case, v_misc_12,
          nicolae_vaults_ring_of_whatevers, ontoclasm_vaults_tryst,
          layout_vaults_omnibox, uniq_nikola
Vaults:4: ontoclasm_vaults_gateway, v_misc_28, vaults_room_door_ring,
          nicolae_vaults_statue_guard, nicolae_vaults_ninety_degrees,
          grunt_vaults_focal, nicolae_vaults_big_angled_halls,
          hangedman_vaults_capsules, vaults_room_door_hall,
          nicolae_vaults_bisected_slash, vaults_mumra_chevron, vaults_room_grid,
          v_misc_27, nicolae_vaults_little_squares_5, hangedman_vaults_cutoff,
          layout_vaults_big_cross
Crypt:1:  gammafunk_crypt_yreds_forest, layout_regular_city, uniq_josephina
Crypt:2:  layout_basic, uniq_vv
Crypt:3:  evilmike_haunted_forest
Depths:1: layout_gridlike, yredelemnul_altar_generic, pf_dread_powers_of_hell,
          serial_shops, nicolae_shop_statue_plus, minmay_misc_feat_plants,
          nicolae_elyvilon_temple_path, uniq_sojobo
Depths:2: minmay_fractal_lines_corner, layout_gridlike,
          ashenzari_conservatory_becter, hell_entry, serial_shops, shop,
          nicolae_shop_overgrown_old_shop, shop, kennysheep_little_box, shop,
          grunt_pan_entry_in_and_out
Depths:3: kennysheep_windowed_halls, layout_cave_shapes,
          hangedman_abyss_entry_splay, minmay_hedge_maze, hellmouth_3,
          infiniplex_staircase_squiggle
Depths:4: grunt_zot_entry_pinwheel, layout_cave_shapes, enter_ziggurat_c,
          hangedman_abyss_or_decor_stabs, hell_entry
Zot:1:    layout_misc_corridors, st_stairs_14, zot_minivault_5
Zot:2:    gammafunk_sealed_library, layout_onion_interference
Zot:3:    layout_onion_interference, gammafunk_ghost_cemetery
Zot:4:    layout_basic, st_small_dragon_hoard_2
Zot:5:    layout_twisted_circle

Skill      XL: |  1  2  3  4  5  6  7  8  9 10 11 12 13 14 15 16 17 18 19 20 21 22 23 24 25 26 |
---------------+-------------------------------------------------------------------------------+-----
Fighting       | 1 2 3 4 5 7 9 10 12 14 15 16 18 19 21 23 | 23.5
Short Blades   | 1 2 |  2.7
Spellcasting   | 3 4 5 7 8 10 12 14 16 17 18 | 18.1
Conjurations   | 1 3 4 6 7 8 10 13 15 16 17 18 20 | 20.2
Earth Magic    | 1 3 5 6 8 10 11 13 14 16 19 20 | 20.1
Stealth        | 5 7 |  7.8
Necromancy     | 5 |  5.9
Dodging        | 4 8 9 11 12 14 15 | 15.9
Shields        | 6 7 10 13 17 18 19 | 19.9
Staves         | 7 10 12 | 12.0
Evocations     | 2 5 |  5.0
Transmutations | 1 |  1.7

Action                   |  1- 3 |  4- 6 |  7- 9 | 10-12 | 13-15 | 16-18 | 19-21 | 22-24 | 25-27 || total
-------------------------+-------+-------+-------+-------+-------+-------+-------+-------+-------++-------
Melee: Spear             |     5 |       |       |       |       |       |       |       |       ||     5
       Dagger            |    17 |   130 |    67 |   306 |   398 |    67 |       |       |       ||   985
       Punch             |     1 |     2 |     1 |     6 |     8 |     1 |       |       |       ||    19
       Staff             |       |       |       |       |       |   411 |   509 |  1026 |   129 ||  2075
 Cast: Necrotise         |    36 |    79 |     2 |       |       |       |       |       |       ||   117
       Stone Arrow       |       |     2 |   104 |    88 |    28 |     4 |       |       |       ||   226
       Vampiric Draining |       |       |     2 |     1 |    13 |       |       |       |       ||    16
       Borgnjor's Vile C |       |       |       |    76 |   189 |    42 |    19 |    21 |     1 ||   348
       Orb of Destructio |       |       |       |       |    33 |    85 |    62 |    28 |    42 ||   250
       Lehudib's Crystal |       |       |       |       |     1 |   249 |   140 |   209 |   164 ||   763
       Irradiate         |       |       |       |       |       |    18 |    28 |    41 |    21 ||   108
       Lee's Rapid Decon |       |       |       |       |       |       |   159 |    43 |       ||   202
       Dispel Undead     |       |       |       |       |       |       |       |   211 |    30 ||   241
Invok: Curse Item        |       |       |     1 |     5 |     4 |     2 |     1 |     2 |       ||    15
       Shatter the Chain |       |       |       |       |     1 |     1 |     1 |     2 |       ||     5
Evoke: Wand              |       |       |    18 |     4 |     1 |       |       |       |     1 ||    24
       Phial of floods   |       |       |       |       |       |     1 |       |       |       ||     1
       Condenser vane    |       |       |       |       |       |       |       |       |     1 ||     1
  Use: Scroll            |     5 |     6 |     7 |     5 |     9 |     9 |     7 |     9 |     9 ||    66
       Potion            |       |     1 |       |     1 |     2 |     2 |       |     7 |    19 ||    32
 Stab: Sleeping          |       |       |       |    13 |    20 |    14 |     5 |    13 |     2 ||    67
       Distracted        |       |       |       |       |       |     1 |       |     1 |       ||     2
       Confused          |       |       |       |       |       |       |       |       |     1 ||     1
Armor: Robe              |     5 |    54 |    60 |   167 |   197 |   212 |   127 |   313 |    89 ||  1224
Dodge: Dodged            |    12 |    79 |    86 |   219 |   427 |   385 |   270 |   590 |   155 ||  2223
Block: Other             |       |       |       |       |   108 |    12 |       |       |       ||   120
       Reflection        |       |       |       |       |     5 |    12 |    61 |    29 |       ||   107
       Buckler           |       |       |       |       |       |   175 |       |       |       ||   175
       Kite shield       |       |       |       |       |       |   295 |   104 |       |       ||   399
       Tower shield      |       |       |       |       |       |       |   550 |  1356 |   222 ||  2128

Table legend: (Time is in decaauts)
 A = Elapsed time spent in this place.
 B = Non-inter-level travel time spent in this place.
 C = Inter-level travel time spent in this place.
 D = Time resting spent in this place.
 E = Time spent auto-exploring this place.
 F = Levels seen in this place.
 G = Mean time per level.
                   A        B        C        D        E       F      G
               +--------+--------+--------+--------+--------+-----+--------+
         Total |  95161 |  89795 |   5366 |  12399 |  62309 |  59 | 1612.9 |
       Dungeon |  21868 |  19426 |   2442 |   1819 |  14568 |  15 | 1457.9 |
          Lair |   9540 |   8766 |    774 |    903 |   6733 |   5 | 1908.0 |
         Swamp |   8476 |   8296 |    180 |   2182 |   4988 |   4 | 2119.0 |
   Spider Nest |   8187 |   8038 |    149 |    170 |   6373 |   4 | 2046.8 |
    Slime Pits |   1501 |   1431 |     70 |    548 |    475 |   5 |  300.2 |
  Orcish Mines |   3519 |   3271 |    248 |    771 |   1898 |   2 | 1759.5 |
   Elven Halls |   6543 |   6408 |    135 |   1711 |   3820 |   3 | 2181.0 |
        Vaults |   9963 |   9414 |    549 |    589 |   7514 |   4 | 2490.8 |
         Crypt |   6164 |   5992 |    172 |    141 |   4401 |   3 | 2054.7 |
        Depths |   7984 |   7469 |    515 |    820 |   5443 |   4 | 1996.0 |
           Zot |   6651 |   6522 |    129 |   2501 |   2793 |   5 | 1330.2 |
         Abyss |     36 |     36 |      0 |      0 |      0 |   1 |   36.0 |
         Sewer |    276 |    276 |      0 |      0 |    211 |   1 |  276.0 |
        Bailey |   2011 |   2011 |      0 |      0 |   1410 |   1 | 2011.0 |
    Desolation |   1796 |   1796 |      0 |     69 |   1331 |   1 | 1796.0 |
      Gauntlet |    637 |    637 |      0 |    175 |    347 |   1 |  637.0 |
               +--------+--------+--------+--------+--------+-----+--------+

Top non-repeatable levels by time:
Spider:4: 3336 daAuts
   Elf:2: 3238 daAuts
   Zot:5: 2875 daAuts
Vaults:1: 2767 daAuts
 Swamp:3: 2737 daAuts
Spider:1: 2688 daAuts
  Lair:2: 2683 daAuts
Vaults:3: 2675 daAuts
    D:15: 2670 daAuts
 Swamp:4: 2669 daAuts
Vaults:4: 2510 daAuts
Depths:4: 2506 daAuts
 Crypt:1: 2498 daAuts
 Crypt:3: 2486 daAuts
  Lair:5: 2393 daAuts
